 Dungeon Crawl Stone Soup version 0.26-a0-712-ga5a9c9c9d0 (webtiles) character file.

Game seed: 855292484841225795

978 kae the Insei (level 8, -2/52 HPs)
             Began as an Octopode Transmuter on Nov 10, 2020.
             Succumbed to a killer bee's poison
             ... on level 3 of the Dungeon.
             The game lasted 00:04:39 (6687 turns).

kae the Insei (Octopode Transmuter)                 Turns: 6687, Time: 00:04:40

Health: -2/52      AC:  1    Str: 12 (14) XL:     8   Next: 17%
Magic:  10/12      EV: 14    Int: 15      God:
Gold:   159        SH:  0    Dex: 11 (12) Spells: 9/13 levels left

rFire    . . .     SeeInvis .     - Unarmed
rCold    . . .     Faith    .   (no shield)
rNeg     . . .     Spirit   .   (helmet restricted)
rPois    .         Reflect  .   (no amulet)
rElec    .         Harm     .   (no ring)
rCorr    .         Rampage  .   (no ring)
MR       .....                  (no ring)
Stlth    +++.......             (no ring)
HPRegen  0.17/turn              (no ring)
MPRegen  0.13/turn              (no ring)
                                (no ring)
                                (no ring)

@: lethally poisoned (-2 -> -28)
A: almost no armour, stealthy swim, amphibious, 8 rings, constrict 8, tentacle
spike 1, camouflage 1, deterioration 1, strong 1, gelatinous body 1
a: no special abilities


You were on level 3 of the Dungeon.
You visited 1 branch of the dungeon, and saw 5 of its levels.
You also visited: Sewer.

You collected 159 gold pieces.

Inventory:

Jewellery
 h - an uncursed amulet of guardian spirit
 p - an uncursed ring of protection from fire {unknown}
Wands
 i - a wand of iceblast (10)
 s - a wand of random effects (18)
Scrolls
 b - 3 scrolls of identify
 c - 6 scrolls of teleportation
 f - 3 scrolls of remove curse
 g - a scroll of enchant weapon
 m - a scroll of amnesia
 u - a scroll of fog {unknown}
Potions
 a - 2 potions of haste
 d - a potion of resistance
 e - 2 potions of curing
 j - a potion of might
 k - a potion of stabbing
 l - a potion of heal wounds
 n - 2 potions of brilliance
 q - a potion of flight {unknown}
 r - a potion of lignification {unknown}
 t - a potion of magic {unknown}


   Skills:
 + Level 3.3 Fighting
 + Level 3.8 Dodging
 - Level 4.0 Stealth
 * Level 5.6 Unarmed Combat
 - Level 3.0 Spellcasting
 * Level 5.0 Transmutations
 + Level 0.6 Poison Magic


You had 9 spell levels left.
You knew the following spells:

 Your Spells              Type           Power        Failure   Level
a - Beastly Appendage     Tmut           ###...       2%          1
b - Spider Form           Tmut/Pois      ##........   19%         3

Your spell library contained the following spells:

 Spells                   Type           Power        Failure   Level
 Wereblood                Tmut           ###.....     3%          2
 Ice Form                 Ice/Tmut       #.......     56%         4
 Blade Hands              Tmut           ###.......   56%         5


Dungeon Overview and Level Annotations

Branches:
Dungeon (5/15)              Sewer (visited)
 Temple: D:4-7

Altars:
Ashenzari
Elyvilon
Fedhas
Kikubaaqudgha
Makhleb
Ru
Yredelemnul


Innate Abilities, Weirdness & Mutations

You cannot wear most types of armour.
You are very stealthy in the water. (Stealth+)
You are amphibious.
You can wear up to eight rings at the same time.
You can use your tentacles to constrict eight enemies at once.
Your skin changes colour to match your surroundings (Stealth+).
Your rubbery body absorbs attacks. (AC +1, EV +1)
One of your tentacles bears a spike.
Your body sometimes deteriorates upon taking damage.
Your muscles are strong. (Str +2)


Message History

You climb upwards.
* * * LOW HITPOINT WARNING * * *
You feel very sick.
There is a stone staircase leading down here.
Okay, then.
Unknown command.
Press: ? - help, Dir - move target cursor
As you read the scroll of blinking, it crumbles to dust.
* * * LOW HITPOINT WARNING * * *
You feel sick.
* * * LOW HITPOINT WARNING * * *
You feel very sick.
* * * LOW HITPOINT WARNING * * *
You feel very sick.
There is a stone staircase leading up here.
* * * LOW HITPOINT WARNING * * *
You feel sick.
You climb upwards.
Your transformation has ended.
You die...

###### #....# #####
#....#######...# ###
#.........##...#
..#########......##...###########
................@'...............
..####.####......################
..####.####......#
.................#
..####.####......# ## ..# #.#
#......# #.
######.#######.############## #.
............................####.
.................................


There were no monsters in sight!

Vanquished Creatures
  2 ogres
  A phantom (D:4)
  2 big kobolds (Sewer)
  A howler monkey (D:4)
  A bullfrog zombie (D:5)
  Crazy Yiuf (D:4)
  An orc priest (D:4)
  A bullfrog skeleton (D:4)
  2 centaur skeletons
  A worker ant (D:4)
  2 orc wizards (D:4)
  4 gnolls
  6 adders
  3 white imps
  4 oozes
  An adder zombie (D:1)
  3 worms
  3 dart slugs
  8 leopard geckos
  11 orcs
  13 bats
  13 giant cockroaches
  12 goblins
  11 hobgoblins
  2 jackals (D:5)
  3 quokkas
  A ball python (Sewer)
  10 frilled lizards
  A giant cockroach zombie (D:1)
  16 kobolds
  A quokka zombie (D:5)
  7 rats
148 creatures vanquished.

Notes
Turn   | Place    | Note
-------+----------+-------------------------------------------
     0 | D:1      | kae the Octopode Transmuter began the quest for the Orb.
     0 | D:1      | Reached XP level 1. HP: 13/13 MP: 3/3
   183 | D:1      | Reached XP level 2. HP: 18/18 MP: 3/5
   584 | D:1      | Reached skill level 1 in Stealth
   588 | D:1      | Reached XP level 3. HP: 23/23 MP: 4/6
   593 | D:1      | Learned a level 3 spell: Spider Form
  1163 | D:2      | Reached XP level 4. HP: 28/28 MP: 5/7
  1702 | D:2      | Found a sacrificial altar of Ru.
  1965 | D:3      | Found a faded altar of an unknown god.
  2294 | D:3      | Reached XP level 5. HP: 19/34 MP: 8/8
  2682 | D:3      | Found a white marble altar of Elyvilon.
  3196 | D:4      | Found a glowing drain.
  3274 | Sewer    | Entered a sewer
  3499 | Sewer    | Noticed a big kobold
  3519 | Sewer    | Killed a big kobold
  3519 | Sewer    | Reached XP level 6. HP: 32/39 MP: 6/10
  3657 | Sewer    | Gained mutation: Your muscles are strong. (Str +2) [potion
                  | of mutation]
  3657 | Sewer    | Gained mutation: Your body sometimes deteriorates upon
                  | taking damage. [potion of mutation]
  3657 | Sewer    | Gained mutation: One of your tentacles bears a spike.
                  | [potion of mutation]
  3659 | Sewer    | HP: 2/41 [kobold/+0 club (1)]
  4159 | D:4      | Noticed a phantom
  4421 | D:4      | Killed a phantom
  4421 | D:4      | Reached XP level 7. HP: 29/45 MP: 11/11
  4540 | D:4      | Found a runed translucent door.
  4541 | D:4      | Noticed Crazy Yiuf
  4823 | D:4      | Reached skill level 5 in Unarmed Combat
  4927 | D:4      | Found a blossoming altar of Fedhas.
  5362 | D:4      | Killed Crazy Yiuf
  5629 | D:5      | Entered Level 5 of the Dungeon
  6011 | D:5      | Reached XP level 8. HP: 32/52 MP: 9/12
  6155 | D:5      | Found an ancient bone altar of Kikubaaqudgha.
  6265 | D:5      | Found a basalt altar of Yredelemnul.
  6414 | D:5      | Reached skill level 5 in Transmutations
  6606 | D:5      | Found a burning altar of Makhleb.
  6617 | D:5      | Found a broken altar of Ashenzari.
  6685 | D:4      | HP: 2/52 [poisoned by a killer bee]
  6687 | D:3      | Succumbed to a killer bee's poison

Illustrated notes

Levels and vault maps discovered:
D:1:      saegor_arrival_fortress, layout_loops_ring, grunt_decor_mini_mirrors,
          minmay_crystal_room
D:2:      layout_rooms, marbit_many_paths
D:3:      minmay_bubble_buster, layout_basic, lemuel_doored_altar,
          chequers_ecumenical_altar_island
D:4:      layout_loops_ring, nicolae_overflow_hidden_temple,
          gup_sewer_entry_pipe, fedhas_altar_2, uniq_crazy_yiuf_cottage
D:5:      layout_loops_ring, lemuel_crystal_altar,
          lemuel_coloured_pillars_altar, hangedman_feature_mirror,
          chequers_avenue, minmay_misc_feat_nine_boxes, ashenzari_altar_1

Skill      XL: |  1  2  3  4  5  6  7  8 |
---------------+-------------------------+-----
Stealth        | 1 2 3 4 |  4.0
Fighting       | 2 3 |  3.3
Transmutations | 3 4 5 |  5.0
Unarmed Combat | 4 5 |  5.6
Dodging        | 3 |  3.8
Spellcasting   | 3 |  3.0
Poison Magic   | |  0.6

Action                   |  1- 3 |  4- 6 |  7- 9 || total
-------------------------+-------+-------+-------++-------
Melee: Unarmed           |    63 |   197 |    92 ||   352
       Kick              |     8 |    34 |    28 ||    70
       Tentacles         |    12 |    39 |    22 ||    73
       Constrict         |    19 |    39 |    21 ||    79
       Punch             |     1 |     1 |     2 ||     4
 Cast: Beastly Appendage |    11 |    24 |       ||    35
       Spider Form       |       |     4 |     3 ||     7
  Use: Scroll            |       |     9 |     1 ||    10
       Potion            |       |     7 |       ||     7
 Stab: Sleeping          |     3 |    14 |     1 ||    18
       Invisible         |       |     2 |       ||     2
Armor: Skin              |     7 |    19 |     2 ||    28
Dodge: Dodged            |    45 |   164 |    70 ||   279

Table legend: (Time is in decaauts)
 A = Elapsed time spent in this place.
 B = Non-inter-level travel time spent in this place.
 C = Inter-level travel time spent in this place.
 D = Time resting spent in this place.
 E = Time spent auto-exploring this place.
 F = Levels seen in this place.
 G = Mean time per level.
                   A        B        C        D        E       F      G
               +--------+--------+--------+--------+--------+-----+--------+
         Total |   6663 |   6500 |    163 |   1058 |   4506 |   6 | 1110.5 |
       Dungeon |   5995 |   5832 |    163 |   1036 |   4004 |   5 | 1199.0 |
         Sewer |    667 |    667 |      0 |     22 |    502 |   1 |  667.0 |
               +--------+--------+--------+--------+--------+-----+--------+

Top non-repeatable levels by time:
     D:4: 1974 daAuts
     D:3: 1393 daAuts
     D:1: 1152 daAuts
     D:2: 774 daAuts
     D:5: 701 daAuts
   Sewer: 667 daAuts
